 Dungeon Crawl Stone Soup version 0.25-a0-316-gd28d56f9c5 (webtiles) character file.

Game seed: 2833965732581952014, levelgen mode: classic

5427 Borgoz the Cruncher (level 10, -34/63 HPs)
             Began as a Gargoyle Gladiator on Dec 24, 2019.
             Was a Follower of Okawaru.
             Annihilated by an enormous slime creature (65 damage)
             ... on level 8 of the Dungeon.
             The game lasted 00:14:28 (7902 turns).

Borgoz the Cruncher (Gargoyle Gladiator)            Turns: 7902, Time: 00:14:29

Health: -34/63     AC: 22    Str: 18    XL:     10   Next: 67%
Magic:  0/10       EV: 17    Int:  9    God:    Okawaru [*.....]
Gold:   315        SH:  0    Dex: 14    Spells: 9/9 levels left

rFire    . . .     SeeInvis .   a - +0 quarterstaff
rCold    . . .     Gourm    .   (shield currently unavailable)
rNeg     + . .     Faith    .   n - +0 scale mail (curse)
rPois    ∞         Spirit   +   D - +1 helmet
rElec    +         Reflect  .   z - +0 cloak
rCorr    .         Harm     .   g - +0 pair of gloves
MR       .....                  (no boots)
Stlth    ++........             o - amulet of guardian spirit
HPRegen  0.20/turn              (no ring)
MPRegen  0.12/turn              (no ring)

@: heroism
A: negative energy resistance 1, electricity resistance, unbreathing,
petrification resistance, rot immunity, AC +7
a: Heroism, Renounce Religion


You were on level 8 of the Dungeon.
You worshipped Okawaru.
Okawaru was aware of your devotion.
You were not hungry.

You visited 2 branches of the dungeon, and saw 9 of its levels.

You collected 315 gold pieces.

Inventory:

Hand Weapons
 a - a +0 quarterstaff (weapon)
Missiles
 d - 2 throwing nets (quivered)
Armour
 g - a +0 pair of gloves (worn)
 n - a cursed +0 scale mail (worn)
 z - a +0 cloak (worn)
 D - a +1 helmet (worn)
Jewellery
 o - an amulet of guardian spirit (around neck)
 y - an uncursed ring of flight
Wands
 b - a wand of random effects (15)
 q - a wand of flame (24)
 B - a wand of iceblast (11)
 C - a wand of polymorph (10)
Scrolls
 j - 3 scrolls of remove curse
 l - 2 scrolls of teleportation {unknown}
 r - 3 scrolls of fog {unknown}
 t - 2 scrolls of enchant weapon {unknown}
 v - 3 scrolls of enchant armour {unknown}
 w - a scroll of vulnerability {unknown}
 x - a scroll of amnesia {unknown}
 A - a scroll of fear {unknown}
 F - a scroll of blinking
 H - a scroll of identify
Potions
 c - 2 potions of cancellation
 e - 2 potions of magic
 h - 6 potions of curing
 i - a potion of brilliance
 k - 3 potions of haste
 m - 2 potions of agility
 p - 2 potions of flight
 s - 3 potions of invisibility
 u - 2 potions of might
 E - a potion of heal wounds
Comestibles
 f - 10 rations
 G - 4 chunks of flesh


   Skills:
 + Level 7.2(12.2) Fighting
 * Level 9.6(14.6) Staves
 - Level 1.7(6.7) Throwing
 + Level 6.8(11.8) Armour
 * Level 8.0(13.0) Dodging


You had 9 spell levels left.
You didn't know any spells.
Your spell library was empty.

Dungeon Overview and Level Annotations

Branches:
Dungeon (8/15)             Temple (1/1) D:7
   Lair: D:8-11

Altars:
Ashenzari
Cheibriados
Dithmenos
Elyvilon
Fedhas
Gozag
Hepliaklqana
Kikubaaqudgha
Makhleb
Nemelex Xobeh
Okawaru
Qazlal
Ru
Sif Muna
Trog
Uskayaw
Vehumet
Wu Jian
Xom
Yredelemnul
Zin
The Shining One


Innate Abilities, Weirdness & Mutations

You are resistant to torment.
Your stone body is resilient. (AC +7)
You are immune to poison.
You resist negative energy. (rN+)
You are resistant to electric shocks. (rElec)
You can survive without breathing.
You are immune to petrification.
You are immune to rotting.


Message History

Your scale mail prevents you from hitting the enormous slime creature.
The enormous slime creature is lightly wounded.
The slime creature closely misses you.
You completely miss the enormous slime creature.
The enormous slime creature is lightly wounded.
The enormous slime creature hits you!! The slime creature barely misses you.
The slime creature hits you!
You hit the enormous slime creature.
The enormous slime creature is lightly wounded.
The enormous slime creature misses you.
The slime creature hits you but does no damage.
The slime creature hits you!
You are too injured to fight recklessly!
You are too injured to fight recklessly!
You are too injured to fight recklessly!
Unknown command.
You gain the combat prowess of a mighty hero.
The enormous slime creature hits you!!!
Ouch! That really hurt!
You die...

##### #####...#
#...#...##
#####._.JJ8..# #...#
#@J..# #.### #....#
#.#########..#
########.#.......#.##
..)......>.#####.#.#
########.......#.#.#
# #...#.......#.#.# #
#.[.#.#..#..#.#.#
####...#.....<...#.#


You could see an enormous slime creature and 2 slime creatures.

Vanquished Creatures
  Erica (D:8)
  Pikel (D:4)
  Joseph (D:7)
  Grinder (D:3)
  Sigmund (D:2)
  A wraith (D:6)
  A hungry ghost (D:7)
  5 yaks
  Menkaure (D:4)
  An orc warrior (D:6)
  A black bear (D:6)
  3 ice beasts
  4 slaves (D:4)
  An ogre (D:4)
  3 centaurs
  2 bullfrogs
  A wyvern zombie (D:8)
  2 scorpions
  5 killer bees (D:7)
  3 crimson imps
  A quasit (D:6)
  2 jellies
  2 bullfrog skeletons
  5 hounds
  5 orc wizards
  4 orc priests
  An iguana (D:4)
  Natasha (twice) (D:2)
  6 worker ants
  A hound skeleton (D:7)
  Robin (D:2)
  11 gnolls
  9 adders
  2 shadow imps
  3 oozes
  An adder zombie (D:5)
  4 worms
  3 dart slugs
  27 orcs
  7 giant cockroaches
  15 goblins
  9 hobgoblins
  13 jackals
  3 quokkas (D:4)
  13 ball pythons
  8 bats
  6 frilled lizards
  2 jackal skeletons
  5 kobolds
  3 leopard gecko skeletons
  6 rats
219 creatures vanquished.

Vanquished Creatures (others)
  4 toadstools (D:1)
4 creatures vanquished.

Grand Total: 223 creatures vanquished

Notes
Turn   | Place    | Note
-------+----------+-------------------------------------------
     0 | D:1      | Borgoz the Gargoyle Gladiator began the quest for the Orb.
     0 | D:1      | Reached XP level 1. HP: 12/12 MP: 1/1
    53 | D:1      | Reached XP level 2. HP: 16/18 MP: 2/2
   296 | D:1      | Reached skill level 1 in Armour
   305 | D:1      | Reached XP level 3. HP: 15/22 MP: 3/3
   568 | D:2      | Noticed Robin
   609 | D:2      | Killed Robin
   744 | D:2      | Noticed Natasha
   750 | D:2      | Killed Natasha
   750 | D:2      | Reached XP level 4. HP: 24/27 MP: 4/4
   890 | D:2      | Noticed Sigmund
   956 | D:2      | Killed Sigmund
   956 | D:2      | Reached skill level 4 in Staves
   956 | D:2      | Reached XP level 5. HP: 20/32 MP: 1/5
  1196 | D:2      | Reached XP level 6. HP: 34/37 MP: 6/6
  1248 | D:2      | Noticed Natasha
  1263 | D:2      | Killed Natasha
  1264 | D:2      | Found an opulent altar of Gozag.
  2241 | D:3      | Noticed Grinder
  2269 | D:3      | Killed Grinder
  2269 | D:3      | Reached skill level 5 in Staves
  2269 | D:3      | Reached XP level 7. HP: 14/43 MP: 2/7
  3226 | D:4      | Reached XP level 8. HP: 44/48 MP: 8/8
  3300 | D:4      | Noticed Menkaure
  3306 | D:4      | Reached skill level 6 in Staves
  3313 | D:4      | Killed Menkaure
  3313 | D:4      | Reached skill level 5 in Dodging
  3528 | D:4      | Noticed Pikel
  3630 | D:4      | Killed Pikel
  3630 | D:4      | Reached skill level 5 in Fighting
  4014 | D:4      | Reached skill level 7 in Staves
  4388 | D:5      | Entered Level 5 of the Dungeon
  4459 | D:5      | Reached XP level 9. HP: 54/54 MP: 9/9
  4664 | D:5      | Reached skill level 5 in Armour
  5635 | D:6      | Reached skill level 8 in Staves
  5986 | D:6      | Found a snail-covered altar of Cheibriados.
  6044 | D:6      | Reached XP level 10. HP: 42/61 MP: 7/10
  6594 | D:7      | Noticed Joseph
  6630 | D:7      | Killed Joseph
  6630 | D:7      | Reached skill level 9 in Staves
  7036 | D:7      | Found a staircase to the Ecumenical Temple.
  7046 | Temple   | Entered the Ecumenical Temple
  7104 | Temple   | Became a worshipper of Warmaster Okawaru
  7406 | D:8      | Noticed Erica
  7428 | D:8      | Killed Erica
  7741 | D:8      | Reached * piety under Okawaru
  7889 | D:8      | Found a stormy altar of Qazlal.
  7902 | D:8      | Annihilated by an enormous slime creature

Levels and vault maps discovered:
D:1:      ldierk_water_garden, layout_rooms, nrook_mini_vaults
D:2:      layout_basic, nicolae_gozag_seed_capital, uniq_natasha, uniq_robin,
          uniq_sigmund
D:3:      layout_loops_ring, first_ration, minmay_snake_closets, uniq_grinder
D:4:      minmay_thinvault, layout_rooms, chequers_serial_rivers_micro_e,
          uniq_pikel, uniq_menkaure
D:5:      layout_loops_ring, serial_glass, glass_columns_c, glass_columns_c
D:6:      layout_loops_ring, nicolae_overflow_hidden_temple, serial_bayou_pond_d
D:7:      layout_cave_pools, lemuel_temple_firewalk_b, uniq_joseph
D:8:      layout_basic, david_defended_altar_elf, uniq_grum, uniq_erica
Temple:   regret_index_temple_chain_breaker

Skill      XL: |  1  2  3  4  5  6  7  8  9 10 |
---------------+-------------------------------+-----
Armour         | 1 2 3 4 5 6 |  6.8
Dodging        | 3 4 5 7 8 |  8.0
Fighting       | 3 4 5 6 7 |  7.2
Staves         | 4 5 7 8 9 |  9.6
Throwing       | |  1.7

Action                   |  1- 3 |  4- 6 |  7- 9 | 10-12 || total
-------------------------+-------+-------+-------+-------++-------
Melee: Quarterstaff      |   108 |   184 |   483 |   230 ||  1005
Throw: Throwing net      |       |       |     1 |     1 ||     2
Invok: Heroism           |       |       |       |     1 ||     1
Evoke: Wand              |       |       |     6 |     1 ||     7
  Use: Scroll            |       |     8 |     6 |     1 ||    15
       Potion            |       |     4 |     5 |     1 ||    10
 Stab: Sleeping          |       |     1 |     1 |       ||     2
  Eat: Chunk             |       |     5 |    12 |     7 ||    24
       Ration            |       |       |       |     1 ||     1
Armor: Leather armour    |    67 |    75 |   130 |    92 ||   364
       Skin              |       |     5 |    85 |       ||    90
       Scale mail        |       |       |       |    23 ||    23
Dodge: Dodged            |    81 |   112 |   305 |   167 ||   665

Table legend:
 A = Non-vault XP
 B = Vault XP
 C = Vault XP percentage of total XP
 D = Non-vault monster count
 E = Vault monster count
 F = Vault count percentage of total count
                 A         B        C        D         E       F
            +---------+---------+-------+---------+---------+-------
      Total |    4750 |    3003 |  38.7 |     168 |      47 |  21.9
            +---------+---------+-------+---------+---------+-------
        D:1 |      37 |       0 |   0.0 |      21 |       0 |   0.0
        D:2 |     131 |     248 |  65.4 |      18 |      15 |  45.5
        D:3 |      99 |     368 |  78.8 |      22 |      15 |  40.5
        D:4 |     385 |     994 |  72.1 |      29 |      15 |  34.1
        D:5 |     834 |       0 |   0.0 |      17 |       0 |   0.0
        D:6 |    1952 |       0 |   0.0 |      35 |       0 |   0.0
        D:7 |    1082 |     475 |  30.5 |      18 |       1 |   5.3
        D:8 |     230 |     918 |  80.0 |       8 |       1 |  11.1
            +---------+---------+-------+---------+---------+-------
